 Dungeon Crawl Stone Soup version 0.27-a0-1273-gec92ba881d (webtiles) character file.

Game seed: 12330084437363813743

473759 robertstho the Axe Maniac (level 23, -10/240 HPs)
             Began as a Minotaur Berserker on June 11, 2021.
             Was the Champion of Trog.
             Mangled by a vault guard
             ... wielding a +0 glaive
              (11 damage)
             ... on level 5 of the Vaults.
             The game lasted 01:19:32 (55456 turns).

robertstho the Axe Maniac (Minotaur Berserker)     Turns: 55456, Time: 01:19:33

Health: -10/240    AC: 38    Str: 31    XL:     23   Next: 29%
Magic:  7/7        EV:  8    Int:  9    God:    Trog [******]
Gold:   4977       SH:  5    Dex: 18    Spells: 22/22 levels left

rFire    + + +     SeeInvis +   N - +12 executioner's axe of Trog's Anger {antimagic, *Noise Str+2 Dex+2 SInv}
rCold    + . .     Faith    .   (shield currently unavailable)
rNeg     + . .     Spirit   .   G - +9 scales of the Dragon King {rPois rF+ rC+ Will+}
rPois    +         Reflect  +   H - +2 hat
rElec    +         Harm     .   m - scarf {repulsion}
rCorr    .         Rampage  .   Q - +0 pair of gloves of a bailey {rF+ rC+}
Will     ++...                  V - +2 pair of boots {Stlth+}
Stlth    ..........             p - amulet "Kexap" {Reflect Dex+4 SH+5}
HPRegen  0.50/turn              J - ring "Ommux" {Fire *Corrode rElec rN+ Int+4}
MPRegen  0.10/turn              i - ring of flight

@: corroded, flying, constricted, studying Staves, repel missiles
A: horns 2, retaliatory headbutt
}: 3/15 runes: decaying, serpentine, abyssal
a: Renounce Religion, Berserk, Trog's Hand, Brothers in Arms


You were on level 5 of the Vaults.
You worshipped Trog.
Trog was exalted by your worship.
You visited 7 branches of the dungeon, and saw 39 of its levels.
You visited the Abyss 1 time.
You also visited: Desolation.

You collected 6261 gold pieces.
You spent 1284 gold pieces at shops.

Inventory:

Hand Weapons
 z - the +11 war axe of Regicide {flame, rElec rN+}
   (Trog gifted it to you on level 1 of the Elven Halls)

   It has been specially enchanted to burn those struck by it, causing extra
   injury to most foes and up to half again as much damage against particularly
   susceptible opponents.
   Big, fiery blades are also staple armaments of hydra-hunters.
   It insulates you from electricity.
   It protects you from negative energy.
 N - the +12 executioner's axe of Trog's Anger (weapon) {antimagic, *Noise Str+2 Dex+2 SInv}
   (Trog gifted it to you on level 9 of the Dungeon)

   It reduces the magical energy of the wielder, and disrupts the spells and
   magical abilities of those hit.
   Natural abilities and divine invocations are not affected.
   It affects your strength (+2).
   It affects your dexterity (+2).
   It lets you see invisible.
   It may make noises in combat.
Missiles
 o - 9 atropa-tipped darts
Armour
 m - a scarf of repulsion (worn)
 G - the +9 scales of the Dragon King (worn) {rPois rF+ rC+ Will+}
   (You found it on level 2 of the Lair of Beasts)

   It protects you from fire.
   It protects you from cold.
   It protects you from poison.
   It increases your willpower.
 H - a +2 hat (worn)
 Q - the +0 pair of gloves of a bailey (worn) {rF+ rC+}
   (You found it on level 3 of the Elven Halls)

   It protects you from fire.
   It protects you from cold.
 V - a +2 pair of boots of stealth (worn)
 X - a scarf of invisibility
 Y - the +0 cloak "Vuhobiwn" {rElec rN+ Int+4 SInv}
   (You acquired it on level 2 of the Vaults)

   It affects your intelligence (+4).
   It insulates you from electricity.
   It protects you from negative energy.
   It lets you see invisible.
Jewellery
 g - a ring of protection from fire
 h - a ring of ice
 i - a ring of flight (right hand)
 p - the amulet "Kexap" (around neck) {Reflect Dex+4 SH+5}
   (You acquired it on level 4 of the Dungeon)

   [amulet of reflection]

   It reflects blocked missile attacks.
   It affects your dexterity (+4).
   It affects your SH (+5).
 q - a +4 ring of protection
 s - a ring of wizardry
 y - a ring of resist corrosion
 C - a ring of protection from fire
 J - the ring "Ommux" (left hand) {Fire *Corrode rElec rN+ Int+4}
   (You found it on level 7 of the Dungeon)

   [ring of fire]

   It enhances your fire magic.
   It affects your intelligence (+4).
   It protects you from fire.
   It makes you vulnerable to cold.
   It insulates you from electricity.
   It protects you from negative energy.
   It may corrode you when you take damage.
 S - a ring of positive energy
 T - a ring of willpower
Wands
 n - a wand of digging (22)
 B - a wand of iceblast (37)
 L - a wand of acid (25)
 W - a wand of mindburst (22)
Scrolls
 b - 19 scrolls of teleportation
 e - 2 scrolls of silence
 k - 8 scrolls of immolation
 r - 4 scrolls of holy word
 A - 3 scrolls of fear
 D - 5 scrolls of enchant weapon
 E - 2 scrolls of blinking
 F - a scroll of summoning
 I - 15 scrolls of identify
 P - 13 scrolls of fog
 U - 6 scrolls of enchant armour
 Z - 6 scrolls of magic mapping
Potions
 a - 5 potions of heal wounds
 c - 12 potions of haste
 d - 23 potions of curing
 f - 4 potions of invisibility
 j - 4 potions of cancellation
 l - 7 potions of resistance
 u - 2 potions of might
 v - 4 potions of attraction
 w - 3 potions of mutation
 x - 5 potions of ambrosia
Miscellaneous
 K - a condenser vane (inert)
 R - a phantom mirror


   Skills:
 O Level 27 Fighting
 O Level 27 Axes
 * Level 24.8 Armour
 + Level 6.0 Dodging
 + Level 11.7 Shields


You had 22 spell levels left.
You didn't know any spells.
Your spell library was empty.

Dungeon Overview and Level Annotations

Branches:
Dungeon (15/15)            Temple (0/1) D:5            Lair (6/6) D:11
  Swamp (4/4) Lair:4        Snake (4/4) Lair:4        Slime (0/5) Lair:5
    Orc (2/2) D:10            Elf (3/3) Orc:2        Vaults (5/5) D:13
  Crypt (0/3) Vaults:2     Depths (0/5) D:15        Desolation (visited)

Altars:
Ashenzari
Elyvilon
Gozag
Kikubaaqudgha
Makhleb
Nemelex Xobeh
Okawaru
Uskayaw
Vehumet
Wu Jian
Xom
Beogh
Jiyva

Shops:
D:1 !   D:15 =(?=*   Orc:2 ([*=   Elf:2 !   Elf:3 =   Snake:1 :*((   Snake:2 *
Vaults:2 ?

Portals:
Hell: Lair:6


Innate Abilities, Weirdness & Mutations

You have a pair of horns on your head.
You reflexively headbutt those who attack you in melee.


Message History

The vault guard is engulfed in freezing vapours.
You hear a shout!
Unknown command.
You feel much better.
The war gargoyle is engulfed in freezing vapours.
The war gargoyle hits you with a +0 great mace!
* * * LOW HITPOINT WARNING * * *
The tentacled monstrosity is engulfed in freezing vapours.
The tentacled monstrosity tentacle-slaps you but does no damage.
The tentacled monstrosity barely misses you.
The tentacled monstrosity tentacle-slaps you but does no damage.
The vault guard is engulfed in freezing vapours.
You kill the vault guard!
Trog accepts your kill.
The phantasmal warrior blinks!
The vault warden is engulfed in freezing vapours.
The vault warden hits you from afar with a +2 bardiche of venom!!
* * * LOW HITPOINT WARNING * * *
The ettin is engulfed in freezing vapours.
The wolf is engulfed in freezing vapours.
The deep troll earth mage is engulfed in freezing vapours.
The shadow dragon is engulfed in freezing vapours.
The shadow dragon bites you but does no damage.
The shadow dragon claws you.
* * * LOW HITPOINT WARNING * * *
The shadow dragon claws you but does no damage.
The quicksilver dragon is engulfed in freezing vapours.
The golden dragon is engulfed in freezing vapours.
The golden dragon breathes poison at you.
The blast of poison engulfs you. You resist.
* * * LOW HITPOINT WARNING * * *
The vault guard is engulfed in freezing vapours.
The vault guard hits you from afar with a +0 glaive!
* * * LOW HITPOINT WARNING * * *
A yaktaur captain comes into view.
The war gargoyle is engulfed in freezing vapours.
The war gargoyle hits you but does no damage.
The vault guard is engulfed in freezing vapours.
The vault guard hits you from afar with a +0 glaive!
You die...

#....#....# #.
..§§#....#...
.§§#§§..#§#○
§§§§§...§§c
######.§§§...°##
........p§§§....
......yDD9W§....
...L...○@X°§§...
.....○§§DXpT§...
######p§○Cp○§§##
.§§§.§D§§§h§
.....#....#§§§
###...#....# §☼
#...#....# §
#...#....# #...
....#


You could see 2 shadow dragons, 2 tentacled monstrosities, a golden dragon
(catching breath), an ancient lich, a quicksilver dragon, a vault warden, a
yaktaur captain, 3 vault guards, an ettin, a war gargoyle, a phantasmal warrior,
a deep troll earth mage, a hornet shaped shifter and a wolf shaped shifter.

Vanquished Creatures
  the Lernaean hydra (Swamp:4)
  Bai Suzhen (Snake:3)
  2 golden dragons
  A tentacled monstrosity (Swamp:3)
  3 liches (Vaults:1)
  Rupert (D:12)
  Jorgrun (Snake:1)
  A titan (Vaults:4)
  2 deep elf blademasters (Elf:3)
  2 deep elf master archers (Elf:3)
  The ghost of Araeheci the Severer, an adept MiGl of Okawaru (Snake:4)
  3 sphinxes
  4 thorn hunters
  3 tengu reavers
  Agnes (Snake:3)
  2 shadow dragons
  2 nagarajas (Snake:4)
  8 deep elf sorcerers
  3 frost giants
  An orc warlord (Orc:2)
  4 fire giants
  An imperial myrmidon (Desolation)
  16 vault wardens
  Louise (Snake:3)
  Aizul (Snake:1)
  5 stone giants
  18 ironbound preservers
  4 deep elf elementalists (Elf:3)
  6 very ugly things
  A war gargoyle (Vaults:4)
  The ghost of Drazool the Impaler, a journeyman MfMo of Uskayaw (Orc:1)
  A green draconian (Vaults:1)
  7 deep elf demonologists
  2 bunyips
  A purple draconian (Vaults:1)
  The ghost of ArcanElement the Demon Slayer, a journeyman HuFi of the Shining One (D:12)
  11 deep elf annihilators (Elf:3)
  Azrael (Snake:2)
  3 halazid warlocks (Desolation)
  Snorg (D:14)
  4 crystal guardians
  9 deep elf death magi (Elf:3)
  2 blizzard demons (Abyss:3)
  6 dire elephants
  A merfolk impaler (Abyss:3)
  6 eleionomae
  The ghost of freelancePsychic the Martial Artist, a journeyman DsNe of Ru (Orc:1)
  3 shambling mangroves
  11 ettins
  A fire dragon (D:15)
  Josephine (D:14)
  6 ragged hierophants (Desolation)
  5 great orbs of eyes
  15 yaktaur captains
  8 servants of whispers (Desolation)
  4 deep elf high priests (Elf:3)
  14 naga warriors
  4 salamander tyrants
  A spriggan air mage (Swamp:3)
  25 hydras
  38 vault guards
  An ogre mage (Vaults:1)
  7 ironbound frosthearts
  2 boulder beetles
  11 ironbound thunderhulks
  14 centaur warriors
  12 peacekeepers
  A ghost crab (Swamp:4)
  The ghost of Zonian the Conjurer, a journeyman HuCj of Qazlal (D:7)
  7 anacondas
  3 death knights
  26 dancing weapons
  7 two-headed ogres
  An alligator (shapeshifter) (Abyss:3)
  14 alligators
  2 catoblepae
  A tengu warrior (D:15)
  10 death yaks (Lair:4)
  2 orc high priests
  6 ironbound beastmasters
  8 shock serpents
  8 naga sharpshooters
  17 deep elf knights
  3 salamander mystics
  A sea snake (Snake:1)
  6 goliath frogs
  2 wretched stars (Abyss:3)
  A glowing orange brain (Vaults:4)
  2 sixfirhies
  2 shadow wraiths
  41 deep trolls
  An obsidian statue (Snake:2)
  17 swamp dragons
  8 deep elf archers
  8 naga ritualists
  5 bog bodies
  2 lindwurms
  21 deep elf zephyrmancers
  4 orc knights
  A harpy (shapeshifter) (Vaults:2)
  4 phantasmal warriors
  3 necromancers
  20 ugly things
  6 wizards
  15 deep elf pyromancers
  24 ironbound convokers
  8 orc sorcerers
  15 mana vipers
  An oklob plant (Lair:3)
  5 will-o-the-wisps
  18 salamanders
  A stone giant skeleton (Vaults:2)
  A worldbinder (Abyss:3)
  3 manticores
  11 elephants
  4 cyclopes
  11 cane toads
  7 guardian serpents
  19 vault sentinels
  24 naga magi
  An elephant (shapeshifter) (D:14)
  2 water nymphs (shapeshifter)
  34 black mambas
  3 smoke demons (Abyss:3)
  A torpor snail (Lair:3)
  An unseen horror (D:11)
  3 gargoyles
  3 molten gargoyles
  2 kobold demonologists
  An eye of devastation (shapeshifter) (Elf:2)
  2 orange demons (Lair:6)
  8 komodo dragons
  38 yaktaurs
  3 freezing wraiths
  A komodo dragon (shapeshifter) (D:15)
  8 rime drakes
  An efreet (D:14)
  2 ice devils (Lair:6)
  2 ancient zymes (Abyss:3)
  A hellwing (Lair:6)
  A red devil (Lair:6)
  10 trolls
  3 polar bears
  A tyrant leech (shapeshifter) (Vaults:3)
  54 saltlings (Desolation)
  8 tyrant leeches
  A sphinx simulacrum (Vaults:2)
  10 hornets
  16 slime creatures
  A wind drake (shapeshifter) (Abyss:3)
  11 blink frogs
  2 large abominations (Abyss:3)
  7 dream sheep
  4 raiju (Abyss:3)
  The ghost of pigah the Conjurer, an amateur OpWn of Jiyva (D:5)
  4 water elementals
  The ghost of pokeman the Magician, an amateur DEWz of Vehumet (D:6)
  A centaur simulacrum (D:12)
  A spriggan (shapeshifter) (D:10)
  3 shadows
  A wyvern (D:10)
  5 air elementals
  A hog (shapeshifter) (D:15)
  9 wraiths
  46 yaks
  6 basilisks
  5 fire elementals
  3 spriggans (Swamp:3)
  15 vampire mosquitoes
  2 steam dragons
  18 swamp worms
  60 nagas
  8 wargs
  An acid dragon (D:10)
  12 water moccasins
  9 hell hounds
  A human simulacrum (Vaults:2)
  Duvessa (D:7)
  5 ice beasts
  35 orc warriors
  2 sky beasts
  3 black bears
  4 swamp drakes (Swamp:4)
  A necrophage (D:3)
  4 ogres
  A blink frog zombie (D:10)
  15 wolves
  5 boggarts (Vaults:1)
  14 centaurs
  A phantom (D:4)
  A human zombie (Vaults:2)
  A small abomination (Abyss:3)
  2 kobold brigands (D:9)
  12 bullfrogs
  5 gnoll sergeants
  2 scorpions
  A wyvern zombie (D:8)
  Dowan (D:7)
  A water moccasin zombie (D:6)
  13 killer bees
  2 vampire bats (Lair:3)
  10 wights
  An electric eel (Snake:1)
  5 centaur zombies
  A jelly (D:5)
  6 starcursed masses (Abyss:3)
  4 hounds
  3 gnoll shamans
  20 orc priests
  An iron imp (Abyss:3)
  A bullfrog skeleton (D:5)
  3 iguanas
  Terence (D:2)
  Natasha (thrice) (D:2)
  27 orc wizards
  2 lightning spires (Abyss:3)
  A killer bee zombie (D:9)
  A hound skeleton (D:5)
  2 killer bee simulacra (D:7)
  8 adders
  37 gnolls
  5 white imps (D:7)
  A howler monkey simulacrum (D:7)
  An ufetubus (D:4)
  An adder skeleton (D:4)
  3 worms
  4 dart slugs
  70 orcs
  7 endoplasms
  3 giant cockroaches
  30 goblins
  35 hobgoblins
  4 jackals (D:4)
  9 quokkas
  5 ball pythons
  13 bats
  3 frilled lizards
  17 kobolds
  9 rats
  7 briar patches
1735 creatures vanquished.

Vanquished Creatures (collateral kills)
  The ghost of Meicwirr the Brawler, an adept OgTm of Gozag (Snake:2)
  A deep elf master archer (Elf:3)
  A hydra (Swamp:4)
  3 naga warriors (Snake:4)
  A salamander tyrant (Snake:4)
  2 anacondas
  2 slime creatures (D:13)
  A mana viper (Snake:4)
  A cyclops (D:14)
  3 black mambas
  A rime drake (Swamp:4)
  11 nagas
28 creatures vanquished.

Vanquished Creatures (others)
  A deep elf pyromancer (Elf:3)
  A vault sentinel (Vaults:5)
  An ancient zyme (Elf:3)
  2 bloated husks (Swamp:2)
  A briar patch (Swamp:3)
  20 foxfires
  58 fungi
  87 plants
  4 withered plants (Orc:1)
175 creatures vanquished.

Grand Total: 1938 creatures vanquished

Notes
Turn   | Place    | Note
-------+----------+-------------------------------------------
     0 | D:1      | robertstho the Minotaur Berserker began the quest for the
                  | Orb.
     0 | D:1      | Reached XP level 1. HP: 19/19 MP: 0/0
    32 | D:1      | Found Antyor's Distillery.
   209 | D:1      | Reached XP level 2. HP: 25/27 MP: 1/1
   586 | D:1      | Reached ** piety under Trog
   619 | D:1      | Reached XP level 3. HP: 33/33 MP: 2/2
   740 | D:1      | Found a faded altar of an unknown god.
  1217 | D:2      | Reached XP level 4. HP: 41/41 MP: 3/3
  1217 | D:2      | Noticed Natasha
  1219 | D:2      | Killed Natasha
  1390 | D:2      | Noticed Terence
  1395 | D:2      | Killed Terence
  1396 | D:2      | Reached skill level 5 in Fighting
  1418 | D:2      | Noticed Natasha
  1450 | D:2      | Killed Natasha
  1451 | D:2      | Reached XP level 5. HP: 31/48 MP: 4/4
  1571 | D:2      | Reached skill level 5 in Axes
  2081 | D:2      | Noticed Natasha
  2083 | D:2      | Found a shimmering altar of Xom.
  2090 | D:2      | Killed Natasha
  2139 | D:2      | Reached *** piety under Trog
  2350 | D:3      | Noticed a necrophage
  2360 | D:3      | Killed a necrophage
  2361 | D:3      | Reached XP level 6. HP: 57/57 MP: 5/5
  2365 | D:3      | Found an iron altar of Okawaru.
  2367 | D:3      | Found a burning altar of Makhleb.
  2950 | D:3      | Found an ancient bone altar of Kikubaaqudgha.
  2969 | D:3      | Found a hide-covered altar of Uskayaw.
  3053 | D:3      | Found a shimmering altar of Xom.
  3068 | D:3      | Found a white marble altar of Elyvilon.
  3754 | D:3      | Reached **** piety under Trog
  4020 | D:3      | Reached XP level 7. HP: 58/64 MP: 6/6
  4438 | D:4      | Reached skill level 5 in Armour
  4600 | D:4      | Identified a scroll of acquirement
  4601 | D:4      | Acquired the amulet "Kexap" {Reflect Dex+4 SH+5}
  4683 | D:4      | Found the +7 Kryia's mail coat {PotionHeal*2 rC+}
  4783 | D:4      | Reached ***** piety under Trog
  5339 | D:4      | Noticed a steam dragon
  5355 | D:4      | Killed a steam dragon
  5523 | D:4      | Reached XP level 8. HP: 65/73 MP: 7/7
  5603 | D:5      | Entered Level 5 of the Dungeon
  5752 | D:5      | Reached skill level 1 in Shields
  5875 | D:5      | Found a runed translucent door.
  5879 | D:5      | Noticed pigah's ghost (amateur OpWn)
  5979 | D:5      | Found a staircase to the Ecumenical Temple.
  6575 | D:5      | Killed pigah's ghost
  6931 | D:6      | Found a runed translucent gate.
  6931 | D:6      | Found a runed translucent gate.
  6931 | D:6      | Found a runed translucent gate.
  6934 | D:6      | Noticed a komodo dragon
  6936 | D:6      | Noticed a kobold demonologist
  6936 | D:6      | Noticed pokeman's ghost (amateur DEWz)
  6986 | D:6      | Identified the +0 leather armour of Thoughtfulness {Contam
                  | rElec rC+}
  7073 | D:6      | Reached XP level 9. HP: 82/82 MP: 8/8
  7441 | D:6      | Killed a komodo dragon
  7441 | D:6      | Killed pokeman's ghost
  7445 | D:6      | Killed a kobold demonologist
  7697 | D:7      | Received a gift from Trog
  7706 | D:7      | Noticed Zonian's ghost (journeyman HuCj)
  7744 | D:7      | Reached skill level 10 in Axes
  7748 | D:7      | Identified the +11 whip of Death's Door {speed, Str+2
                  | Dex+3}
  7837 | D:7      | Found a sparkling altar of Nemelex Xobeh.
  7848 | D:7      | Found a runed translucent gate.
  7852 | D:7      | Found a runed translucent gate.
  7852 | D:7      | Found a runed translucent gate.
  7870 | D:7      | Noticed Duvessa
  7879 | D:7      | Noticed Dowan
  7882 | D:7      | Killed Duvessa
  7887 | D:7      | Killed Dowan
  8099 | D:7      | Reached skill level 10 in Fighting
  8120 | D:7      | Found a radiant altar of Vehumet.
  8235 | D:7      | Reached XP level 10. HP: 93/93 MP: 9/9
  8267 | D:7      | Killed Zonian's ghost
  8275 | D:7      | Identified the ring "Ommux" {Fire *Corrode rElec rN+ Int+4}
  8536 | D:8      | Identified the +4 ring mail of Tuexim {Will- Int+4}
  9635 | D:9      | Noticed a sun demon
  9635 | D:9      | Noticed a rust devil
  9638 | D:9      | Noticed a rust devil
  9721 | D:9      | Identified the +12 executioner's axe of Trog's Anger
                  | {antimagic, *Noise Str+2 Dex+2 SInv} (Trog gifted it to you
                  | on level 9 of the Dungeon)
  9721 | D:9      | Received a gift from Trog
  9804 | D:9      | Reached skill level 10 in Armour
  9826 | D:9      | Reached XP level 11. HP: 102/102 MP: 3/10
 10156 | D:10     | Entered Level 10 of the Dungeon
 10195 | D:10     | Found a staircase to the Orcish Mines.
 10545 | D:10     | Found an ornate altar of the Wu Jian Council.
 10615 | D:10     | Noticed a two-headed ogre
 10620 | D:10     | Killed a two-headed ogre
 10771 | D:10     | Noticed a death drake
 10771 | D:10     | a water nymph changed into a death drake
 10772 | D:10     | a death drake changed into a wind drake
 10844 | D:10     | Reached skill level 5 in Dodging
 11285 | D:10     | Noticed a two-headed ogre
 11292 | D:10     | Killed a two-headed ogre
 11366 | D:10     | Noticed a two-headed ogre
 11371 | D:10     | Killed a two-headed ogre
 11785 | D:11     | Noticed a two-headed ogre
 11857 | D:11     | Reached skill level 15 in Axes
 11857 | D:11     | Reached XP level 12. HP: 92/113 MP: 3/11
 12231 | D:11     | Found a staircase to the Lair.
 12512 | D:11     | Noticed a two-headed ogre
 12518 | D:11     | Killed a two-headed ogre
 12584 | D:11     | Acquired a manual of Axes
 12767 | D:12     | Found a runed translucent gate.
 12767 | D:12     | Noticed ArcanElement's ghost (journeyman HuFi)
 12768 | D:12     | Found a runed translucent gate.
 12768 | D:12     | Found a runed translucent gate.
 12769 | D:12     | Identified the +10 plate armour "Soosiho" {Dex+2}
 13168 | D:12     | Noticed Rupert
 13169 | D:12     | Paralysed by Rupert for 4 turns
 13179 | D:12     | Killed Rupert
 13180 | D:12     | Reached skill level 5 in Shields
 13777 | D:12     | Killed ArcanElement's ghost
 14298 | D:13     | Noticed a two-headed ogre
 14308 | D:13     | Killed a two-headed ogre
 14315 | D:13     | Reached ****** piety under Trog
 14316 | D:13     | Reached XP level 13. HP: 106/122 MP: 4/12
 14374 | D:13     | Found a gate to the Vaults.
 14427 | D:13     | Received a gift from Trog
 15208 | Lair:1   | Entered Level 1 of the Lair of Beasts
 15416 | Lair:1   | You are sucked into a shaft and drop 1 floor!
 16142 | Lair:2   | Found the +9 scales of the Dragon King {rPois rF+ rC+
                  | Will+}
 18119 | Lair:4   | Found a staircase to the Snake Pit.
 18137 | Lair:4   | Reached XP level 14. HP: 126/133 MP: 4/13
 18155 | Lair:4   | Identified the +1 buckler "Zufeor" {Stlth+}
 18315 | Lair:4   | Reached skill level 15 in Fighting
 18955 | Lair:4   | Found a staircase to the Swamp.
 19299 | Lair:5   | Found a staircase to the Slime Pits.
 19299 | Lair:5   | Found a viscous altar of Jiyva.
 19959 | Lair:6   | Entered Level 6 of the Lair of Beasts
 19970 | Lair:6   | Received a gift from Trog
 20566 | Lair:6   | Found a burning altar of Makhleb.
 20585 | Lair:6   | Found a gateway to Hell.
 21727 | Orc:1    | Entered Level 1 of the Orcish Mines
 22036 | Orc:1    | Reached XP level 15. HP: 145/145 MP: 4/14
 22057 | Orc:1    | Received a gift from Trog
 22344 | Orc:1    | Found a runed translucent gate.
 22344 | Orc:1    | Found a runed translucent gate.
 22344 | Orc:1    | Found a runed translucent gate.
 22448 | Orc:1    | Noticed Drazool's ghost (journeyman MfMo)
 22449 | Orc:1    | Noticed freelancePsychic's ghost (journeyman DsNe)
 22588 | Orc:1    | Killed Drazool's ghost
 22589 | Orc:1    | Reached skill level 15 in Armour
 22589 | Orc:1    | Killed freelancePsychic's ghost
 22658 | Orc:2    | Entered Level 2 of the Orcish Mines
 22665 | Orc:2    | Noticed an orc warlord
 22683 | Orc:2    | Killed an orc warlord
 22687 | Orc:2    | Found Deus's Antique Armour Emporium.
 22780 | Orc:2    | Received a gift from Trog
 23157 | Orc:2    | Found a staircase to the Elven Halls.
 23165 | Orc:2    | Found Oxuqeibo's Antique Weapon Emporium.
 23167 | Orc:2    | Paralysed by an orc sorcerer for 7 turns
 23551 | Orc:2    | Found Poasti's Jewellery Shoppe.
 23646 | Orc:2    | Found Mecisiki's General Store.
 23657 | Orc:2    | Bought a potion of attraction for 42 gold pieces
 24139 | D:1      | Bought 2 potions of curing for 66 gold pieces
 24139 | D:1      | Bought a potion of might for 44 gold pieces
 24139 | D:1      | Bought a potion of degeneration for 11 gold pieces
 24139 | D:1      | Bought a potion of heal wounds for 55 gold pieces
 24354 | D:14     | Noticed Snorg
 24361 | D:14     | Killed Snorg
 24388 | D:14     | Found a broken altar of Ashenzari.
 24540 | D:14     | Noticed a tengu reaver
 24557 | D:14     | Killed a tengu reaver
 24577 | D:14     | Identified the +9 hand axe "Bauzun" {vorpal, Dex+3}
 25109 | D:14     | Noticed Josephine
 25120 | D:14     | Killed Josephine
 25486 | D:14     | Received a gift from Trog
 25847 | D:15     | Entered Level 15 of the Dungeon
 25944 | D:15     | Found Paitarif's Jewellery Boutique.
 25963 | D:15     | Found a staircase to the Depths.
 26551 | D:15     | Found Neom Yca's Jewellery Boutique.
 26674 | D:15     | Reached XP level 16. HP: 129/157 MP: 5/15
 26903 | D:15     | Found Fotam's Weapon Shop.
 26912 | D:15     | Found Wikovoama's Magic Scroll Shop.
 26918 | D:15     | Bought a scroll of identify for 38 gold pieces
 26918 | D:15     | Bought a scroll of magic mapping for 66 gold pieces
 26918 | D:15     | Bought a scroll of identify for 38 gold pieces
 26918 | D:15     | Bought a scroll of noise for 19 gold pieces
 26985 | D:15     | Found Loilunau's Assorted Antiques.
 26989 | D:15     | Bought a scroll of identify for 60 gold pieces
 26989 | D:15     | Bought a scroll labelled ROCEUNN EGUW LYP for 30 gold
                  | pieces
 26992 | D:15     | Bought a pair of runed boots for 225 gold pieces
 26992 | D:15     | Bought a potion of curing for 90 gold pieces
 27214 | Snake:1  | Entered Level 1 of the Snake Pit
 27216 | Snake:1  | Noticed Aizul
 27231 | Snake:1  | Killed Aizul
 27770 | Snake:1  | Found Quapno Leine's Antique Weapon Emporium.
 27888 | Snake:1  | Found Ryinn's Assorted Antiques.
 27896 | Snake:1  | Bought a scroll of identify for 52 gold pieces
 27899 | Snake:1  | Found Plog's Book Emporium.
 28253 | Snake:1  | Noticed Jorgrun
 28262 | Snake:1  | Killed Jorgrun
 28666 | Snake:1  | Found Zestream's Weapon Shop.
 29382 | Snake:2  | Noticed Azrael
 29392 | Snake:2  | Killed Azrael
 29642 | Snake:2  | Found a runed translucent gate.
 29642 | Snake:2  | Found a runed translucent gate.
 29642 | Snake:2  | Found a runed translucent gate.
 29644 | Snake:2  | Found an opulent altar of Gozag.
 29648 | Snake:2  | Noticed Meicwirr's ghost (adept OgTm)
 29650 | Snake:2  | Found Kebredgh's Assorted Antiques.
 29659 | Snake:2  | Killed Meicwirr's ghost
 30084 | Snake:3  | Noticed Agnes
 30098 | Snake:3  | Killed Agnes
 30667 | Snake:3  | Reached XP level 17. HP: 158/168 MP: 5/16
 30896 | Snake:3  | Noticed Bai Suzhen
 30914 | Snake:3  | Killed Bai Suzhen
 31186 | Snake:3  | Received a gift from Trog
 31449 | Snake:3  | Noticed Louise
 31469 | Snake:3  | Killed Louise
 31664 | Snake:4  | Entered Level 4 of the Snake Pit
 32071 | Snake:4  | Received a gift from Trog
 33471 | Snake:4  | Got a serpentine rune of Zot
 33677 | Snake:4  | Found a runed translucent gate.
 33678 | Snake:4  | Found a runed translucent gate.
 33678 | Snake:4  | Noticed Araeheci's ghost (adept MiGl)
 33703 | Snake:4  | Found a runed translucent gate.
 33982 | Snake:4  | Killed Araeheci's ghost
 34498 | Swamp:1  | Entered Level 1 of the Swamp
 34701 | Swamp:1  | Received a gift from Trog
 34885 | Swamp:1  | Reached XP level 18. HP: 139/178 MP: 5/17
 37116 | Swamp:3  | Noticed a tentacled monstrosity
 37127 | Swamp:3  | Killed a tentacled monstrosity
 37623 | Swamp:4  | Entered Level 4 of the Swamp
 37630 | Swamp:4  | Received a gift from Trog
 38315 | Swamp:4  | Noticed the 27-headed Lernaean hydra
 38702 | Swamp:4  | Killed the 26-headed Lernaean hydra
 39260 | Swamp:4  | Got a decaying rune of Zot
 39601 | Elf:1    | Entered Level 1 of the Elven Halls
 39780 | Elf:1    | Reached XP level 19. HP: 162/190 MP: 6/18
 39903 | Elf:1    | Identified the +11 war axe of Regicide {flame, rElec rN+}
                  | (Trog gifted it to you on level 1 of the Elven Halls)
 39903 | Elf:1    | Received a gift from Trog
 40974 | Elf:1    | Identified the +1 war axe of Corpheyr {speed, *Rage rF+
                  | rN+}
 41037 | Elf:3    | Entered Level 3 of the Elven Halls
 41098 | Elf:3    | Found Xoogum's Jewellery Shoppe.
 41142 | Elf:3    | Paralysed by an air elemental for 1 turns
 41274 | Elf:2    | Found Voebiaxt's Distillery.
 41294 | Elf:2    | Bought 2 potions of heal wounds for 170 gold pieces
 41294 | Elf:2    | Bought a potion of curing for 51 gold pieces
 41294 | Elf:2    | Bought a potion of curing for 51 gold pieces
 41309 | Elf:2    | Found the +8 demon blade "Leech" {vamp, *Rage +Rage rN+}
 41332 | Elf:2    | Found a runed translucent gate.
 41333 | Elf:2    | Found a runed translucent gate.
 41339 | Elf:2    | Found a runed translucent gate.
 41422 | Elf:2    | Received a gift from Trog
 41763 | Elf:2    | Paralysed by an air elemental for 1 turns
 42746 | Elf:3    | Noticed a Tzitzimitl
 42746 | Elf:3    | Received a gift from Trog
 43591 | Elf:3    | Cast into level 3 of the Abyss (a deep elf sorcerer)
 43637 | Abyss:3  | Got an abyssal rune of Zot
 43907 | Abyss:3  | Paralysed by accursed screaming for 1 turns
 43930 | Abyss:3  | Reached XP level 20. HP: 120/202 MP: 6/19
 43941 | Elf:3    | Escaped the Abyss
 43949 | Elf:3    | Received a gift from Trog
 44476 | Elf:3    | Identified the +4 halberd of Terror {chaos, rElec rCorr
                  | Str-3 Dex+2}
 44570 | Elf:3    | Identified the +8 mace "Ogre's Foe" {vorpal, Str-5 Int+4
                  | Dex+3}
 44597 | Elf:3    | Identified the +8 glaive "Xill" {antimagic, Dex+4}
 44605 | Elf:3    | Identified the +9 lajatang of Galoq {freeze, Str+2}
 44800 | Elf:3    | Identified the Disquisition on Earth and Sinister Rites
 44937 | Elf:3    | Identified Sif Muna's Guide on Icy Toxins
 44945 | Elf:3    | Identified the +10 plate armour "Vuf Dast" {Slay+2}
 44946 | Elf:3    | Identified the +0 pair of gloves of a bailey {rF+ rC+}
 45257 | Vaults:1 | Entered Level 1 of the Vaults
 45312 | Vaults:1 | Received a gift from Trog
 45742 | Vaults:1 | Reached skill level 10 in Shields
 45913 | Vaults:1 | Received a gift from Trog
 45935 | Vaults:1 | Found a ruined gateway.
 45958 | Desolati | Entered the Desolation of Salt
 46345 | Desolati | Identified the Reference Book on Shifting Sinister Rites
 46425 | Desolati | Reached XP level 21. HP: 191/214 MP: 6/20
 46543 | Desolati | Identified Ziah's Compendium of Black Secrets
 46654 | Desolati | Received a gift from Trog
 46885 | Desolati | Reached skill level 27 in Axes
 46889 | Desolati | Identified the +4 scale mail "Ujen" {rC++}
 46889 | Desolati | Identified the amulet "Maifet" {Spirit Slay+5}
 47103 | Desolati | Identified the amulet "Gilih" {Regen+ rCorr Int+4}
 47417 | Desolati | Found the +5 robe of Night {Dark Will+ SInv}
 47421 | Desolati | Identified the amulet "Fuepasy" {RegenMP *Corrode rPois
                  | Regen+ Int+6}
 47530 | Desolati | Identified the +1 plate armour "Cuihuerch" {rF++ Str-3
                  | SInv}
 47708 | Vaults:1 | Received a gift from Trog
 49246 | Vaults:2 | Received a gift from Trog
 49641 | Vaults:2 | Acquired the +0 cloak "Vuhobiwn" {rElec rN+ Int+4 SInv}
 50056 | Vaults:2 | Found a staircase to the Crypt.
 50188 | Vaults:2 | Received a gift from Trog
 50189 | Vaults:2 | Reached XP level 22. HP: 171/228 MP: 7/21
 51063 | Vaults:2 | Found Yrupaod's Magic Scroll Emporium.
 51070 | Vaults:2 | Bought a scroll of fog for 44 gold pieces
 51070 | Vaults:2 | Bought a scroll of teleportation for 66 gold pieces
 51070 | Vaults:2 | Bought a scroll of teleportation for 66 gold pieces
 51616 | Vaults:3 | Identified the +6 battleaxe "Nuttishr Lilo" {vorpal, rC-
                  | rN++ Dex+5} (Trog gifted it to you on level 3 of the
                  | Vaults)
 51616 | Vaults:3 | Received a gift from Trog
 52471 | Vaults:3 | Reached skill level 27 in Fighting
 53713 | Vaults:4 | Received a gift from Trog
 54693 | Vaults:5 | Entered Level 5 of the Vaults
 54696 | Vaults:5 | Noticed a golden dragon
 54699 | Vaults:5 | Noticed an ancient lich
 54712 | Vaults:4 | Reached XP level 23. HP: 181/240 MP: 7/22
 55359 | Vaults:4 | Received a gift from Trog
 55456 | Vaults:5 | HP: 1/240 [vault guard/+0 glaive (17)]
 55456 | Vaults:5 | Mangled by a vault guard

Illustrated notes

Levels and vault maps discovered:
D:1:      dpeg_arrival_simpleton_b, layout_basic,
          shapermc_ecumenical_altar_totnotflames, serial_shops, shop,
          serial_park_tiny_pond, chequers_decorated_corner,
          minmay_split_cup_small
D:2:      layout_basic, basic_altar, minmay_tetromino_l2, uniq_natasha,
          uniq_terence
D:3:      minmay_goblin_kobold_castle, layout_rooms,
          nicolae_overflow_quartered_altars,
          chequers_temple_overflow_statue_of_worship, chequers_garden,
          minivault_23, kennysheep_path_1, serial_bayou_crossing
D:4:      minmay_spotlight, layout_basic, minmay_circle_x
D:5:      layout_basic, minmay_temple_entry_gardened_gates,
          ebering_ghost_reflecting_pool
D:6:      layout_basic, gammafunk_ghost_split, minmay_holes, bh_walls_and_bars
D:7:      layout_rooms, nicolae_vehumet_radiance, nemelex_dance_club_becter,
          gammafunk_ghost_icy, uniq_duvessa
D:8:      layout_basic
D:9:      layout_gridville
D:10:     layout_stronghold, amcnicky_altar_gilded, david_orc_2,
          evilmike_minifort
D:11:     layout_cave_pools, grunt_lair_entry_orc_guard_hut,
          onia_ninara_dug_in_and_dangerous
D:12:     layout_loops_ring, biasface_ghost_orc_armoury, uniq_rupert
D:13:     layout_loops_ring, erik_vaults_1
D:14:     layout_irregular_city, nicolae_ashenzari_panopticon, minmay_radiant,
          uniq_snorg, uniq_josephine
D:15:     hangedman_depths_entry_civil_slaughter, layout_basic, serial_shops,
          shop, shop, nicolae_shop_trees, shop, nicolae_shop_crystal
Lair:1:   layout_big_grid, grunt_megastairs_3, infiniplex_staircase_pool_2
Lair:2:   layout_regular_city
Lair:3:   layout_gridlike, roderic_batcave, grunt_megastairs_1
Lair:4:   layout_loops_ring, minmay_swamp_entry_worms,
          guppyfry_snake_entry_garden, grunt_megastairs_5, serial_bayou_shore_b
Lair:5:   layout_hall_layers, slime_altar_1, minivault_19, minivault_23
Lair:6:   evil_forest, layout_misc_corridors
Swamp:1:  layout_basic_swamp, evilmike_swamp_ruin_house_4,
          infiniplex_staircase_pool
Swamp:2:  layout_falls_marsh, evilmike_swamp_ruin_house_3
Swamp:3:  cheibrodos_swamp_monstrosity, layout_basic_swamp,
          evilmike_swamp_ruin_rubble_2
Swamp:4:  swamp_alternative, layout_basic_swamp
Snake:1:  layout_misc_corridors, serial_shops, nicolae_shop_stone, shop, shop,
          shop, serial_bayou_shore_a, uniq_aizul, uniq_jorgrun
Snake:2:  layout_gridlike, ebering_ghost_gozag, uniq_azrael
Snake:3:  layout_gridlike, uniq_agnes, uniq_bai_suzhen, uniq_louise
Snake:4:  minmay_snake_end_coiled, layout_cave_pods, gammafunk_ghost_split
Orc:1:    layout_caves, gammafunk_ghost_cemetery
Orc:2:    grunt_orc_gardens, layout_caves, grunt_orc_garden, grunt_orc_garden,
          grunt_orc_garden, grunt_orc_garden
Elf:1:    layout_loops_corners, minmay_elf_crystal_hexagon, grunt_ministairs_12,
          hex_medium
Elf:2:    layout_onion_city, serial_shops, shop_statue,
          kilobyte_mutagenic_chamber, lemuel_elevator
Elf:3:    minmay_elf_hall_four_x, layout_loops_cross, serial_shops,
          shop_fountains
Vaults:1: hangedman_vaults_nails, v_misc_29, nicolae_vaults_angled_halls,
          st_greater_box_5, v_alt_pattern_2, vaults_room_ringed_pool,
          nicolae_vaults_angled_halls, v_misc_19,
          nicolae_vaults_diagonal_hallway_8, v_misc_12, v_misc_19,
          grunt_vaults_hallway_short, ontoclasm_vaults_ring_square,
          vaults_room_door_ring, layout_vaults_maze,
          portal_desolation_entry_nicolae_slug
Vaults:2: blue_anna_dwarven_crypt, ontoclasm_vaults_spin, st_quartered_hall,
          nicolae_vaults_windows_and_doors_thing, ontoclasm_vaults_idyll,
          vaults_mumra_minichess_inversion, vaults_room_octagon,
          nicolae_vaults_network_star, grunt_vaults_diagonal, vaults_mumra_hex,
          vaults_dpeg_ring, hangedman_vaults_corner_blocks, v_misc_26,
          vaults_dpeg_hooks, nicolae_vaults_rhombus_5,
          layout_vaults_chaotic_city, serial_shops, nicolae_shop_stone
Vaults:3: v_pattern_3, nicolae_vaults_ninety_degrees, v_alt_pattern_2,
          nicolae_vaults_little_squares_4, nicolae_vaults_yaktaur_gun_rack,
          st_octagons_2, vaults_dpeg_encased_lava, grunt_vaults_funnel,
          ontoclasm_vaults_ring_small, nicolae_vaults_alarming,
          layout_vaults_omnigrid
Vaults:4: ontoclasm_vaults_fault, hangedman_vaults_maws, vaults_room_pool,
          ontoclasm_vaults_gateway, nicolae_vaults_network_barrier,
          ontoclasm_vaults_bender, nicolae_vaults_specimen_jars,
          grunt_vaults_twisty, vaults_mumra_lcd, vaults_room_guarded_vault,
          v_misc_31, nicolae_vaults_little_squares_1, layout_vaults_ring
Vaults:5

Skill      XL: |  1  2  3  4  5  6  7  8  9 10 11 12 13 14 15 16 17 18 19 20 21 22 |
---------------+-------------------------------------------------------------------+-----
Fighting       | 4 5 6 7 8 10 11 12 13 14 16 17 19 20 21 22 24 26 27 | 27.0
Armour         | 3 4 6 7 9 10 11 12 13 14 16 17 18 19 20 21 22 24 | 24.8
Axes           | 4 5 6 7 8 10 12 15 17 20 21 22 23 24 25 26 27 | 27.0
Dodging        | 3 4 5 6 |  6.0
Shields        | 2 3 4 5 6 7 8 9 10 11 | 11.7

Action                   |  1- 3 |  4- 6 |  7- 9 | 10-12 | 13-15 | 16-18 | 19-21 | 22-24 || total
-------------------------+-------+-------+-------+-------+-------+-------+-------+-------++-------
Melee: Hand axe          |    49 |   193 |   132 |       |       |       |       |       ||   374
       Headbutt          |     7 |    23 |    57 |    81 |   171 |   264 |   286 |   127 ||  1016
       Battleaxe         |       |       |   107 |   122 |       |       |       |       ||   229
       Executioner's axe |       |       |       |   237 |   677 |   935 |   983 |   375 ||  3207
Invok: Berserk           |     1 |     7 |     5 |     5 |    11 |     9 |     6 |     4 ||    48
       Brothers in Arms  |       |       |       |     1 |     3 |     8 |     1 |       ||    13
       Trog's Hand       |       |       |       |     1 |     1 |     5 |     4 |       ||    11
Evoke: Wand              |       |       |       |       |       |     4 |       |       ||     4
       Condenser vane    |       |       |       |       |       |       |       |     1 ||     1
  Use: Scroll            |       |     3 |     4 |     8 |     7 |    11 |     4 |       ||    37
       Potion            |       |       |       |     1 |       |     6 |     1 |     1 ||     9
 Stab: Petrified         |       |       |       |       |     1 |       |       |       ||     1
       Distracted        |       |       |       |       |       |     2 |     2 |       ||     4
Armor: Animal skin       |     5 |       |       |       |       |       |       |       ||     5
       Scale mail        |       |    10 |    90 |   208 |       |       |       |       ||   308
       Chain mail        |       |   102 |    22 |       |       |       |       |       ||   124
       Plate armour      |       |       |       |    26 |   100 |       |       |       ||   126
       Gold dragon scale |       |       |       |       |   511 |   956 |   570 |   281 ||  2318
Dodge: Dodged            |    42 |    92 |   104 |   241 |   335 |   416 |   318 |   145 ||  1693
       Repelled          |       |       |       |       |       |     1 |     9 |     2 ||    12
Block: Other             |       |       |    51 |   118 |   172 |   195 |   154 |    65 ||   755
       Reflection        |       |       |     2 |     8 |    11 |    20 |    22 |     5 ||    68

Table legend: (Time is in decaauts)
 A = Elapsed time spent in this place.
 B = Non-inter-level travel time spent in this place.
 C = Inter-level travel time spent in this place.
 D = Time resting spent in this place.
 E = Time spent auto-exploring this place.
 F = Levels seen in this place.
 G = Mean time per level.
                   A        B        C        D        E       F      G
               +--------+--------+--------+--------+--------+-----+--------+
         Total |  55409 |  52578 |   2831 |   5874 |  38862 |  41 | 1351.4 |
       Dungeon |  18834 |  17757 |   1077 |    954 |  14287 |  15 | 1255.6 |
          Lair |   7056 |   6484 |    572 |    627 |   5116 |   6 | 1176.0 |
         Swamp |   4921 |   4750 |    171 |    874 |   3310 |   4 | 1230.2 |
     Snake Pit |   6873 |   6492 |    381 |   1086 |   4325 |   4 | 1718.2 |
  Orcish Mines |   2293 |   2116 |    177 |    281 |   1437 |   2 | 1146.5 |
   Elven Halls |   5119 |   4904 |    215 |    998 |   3011 |   3 | 1706.3 |
        Vaults |   8406 |   8170 |    236 |    912 |   6039 |   5 | 1681.2 |
         Abyss |    331 |    331 |      0 |    131 |     81 |   1 |  331.0 |
    Desolation |   1572 |   1572 |      0 |     10 |   1255 |   1 | 1572.0 |
               +--------+--------+--------+--------+--------+-----+--------+

Top non-repeatable levels by time:
Vaults:2: 2642 daAuts
     D:3: 2097 daAuts
 Snake:3: 2060 daAuts
Vaults:4: 1999 daAuts
 Swamp:3: 1994 daAuts
 Snake:4: 1911 daAuts
Vaults:3: 1877 daAuts
Vaults:1: 1848 daAuts
   Elf:2: 1812 daAuts
    D:10: 1759 daAuts
   Elf:3: 1756 daAuts
  Lair:4: 1706 daAuts
  Lair:6: 1646 daAuts
Desolation: 1572 daAuts
 Snake:1: 1562 daAuts
